 Dungeon Crawl Stone Soup version 0.27.1-34-g3ba077fa99 (webtiles) character file.

Game seed: 7190935219376319061

2553 Cheops the Carver (level 9, -4/64 HPs)
             Began as a Formicid Fighter on Jan 18, 2022.
             Was a Believer of Lugonu.
             Killed by divine providence
             ... invoked by an orc priest
              (15 damage)
             ... on level 7 of the Dungeon on Jan 19, 2022.
             The game lasted 00:27:57 (9990 turns).

Cheops the Carver (Formicid Fighter)                Turns: 9990, Time: 00:27:57

Health: -4/64      AC:  9    Str: 25    XL:     9   Next: 86%
Magic:  9/9        EV:  9    Int:  7    God:    Lugonu [**....]
Gold:   322        SH: 10    Dex: 10    Spells: 8/8 levels left

rFire    . . .     SeeInvis +   a - +0 long sword
rCold    . . .     Faith    .   c - +0 kite shield
rNeg     + . .     Spirit   .   g - +3 ring mail of Elael {rN+}
rPois    .         Reflect  .   (helmet unavailable)
rElec    .         Harm     .   (no cloak)
rCorr    .         Rampage  .   (no gloves)
Will     .....                  (no boots)
Stlth    ..........             (no amulet)
HPRegen  0.20/turn              (no ring)
MPRegen  0.11/turn              (no ring)

@: lethally poisoned (-4 -> -10)
A: permanent stasis, dig shafts and tunnels, antennae 3, four strong arms
a: Dig, Shaft Self, Renounce Religion, Depart the Abyss, Bend Space


You were on level 7 of the Dungeon.
You worshipped Lugonu.
Lugonu was pleased with you.
You visited 2 branches of the dungeon, and saw 8 of its levels.

You collected 382 gold pieces.
You spent 60 gold pieces at shops.

Inventory:

Hand Weapons
 a - a +0 long sword (weapon)
 b - a +1 falchion of holy wrath
Armour
 c - a +0 kite shield (worn)
 g - the +3 ring mail of Elael (worn) {rN+}
   (You found it on level 5 of the Dungeon)

   rN:        It protects you from negative energy.
 l - a +1 scale mail of positive energy
Magical Staves
 t - a staff of cold
Jewellery
 z - a ring of wizardry
Wands
 o - a wand of paralysis (3)
 p - a wand of iceblast (3)
 A - a wand of polymorph (8)
Scrolls
 f - 3 scrolls of magic mapping
 h - a scroll of amnesia {unknown}
 i - 2 scrolls of fog {unknown}
 k - a scroll of enchant weapon {unknown}
 r - a scroll of blinking {unknown}
 s - a scroll of holy word {unknown}
 w - a scroll of identify
 y - a scroll of brand weapon {unknown}
Potions
 d - 2 potions of might
 e - a potion of magic
 j - a potion of ambrosia
 m - a potion of attraction {unknown}
 n - 3 potions of heal wounds
 q - 2 potions of curing {unknown}
 u - 2 potions of lignification {unknown}
 v - a potion of brilliance
 x - 2 potions of flight {unknown}


   Skills:
 - Level 3.2 Fighting
 + Level 10.9 Long Blades
 - Level 5.0 Armour
 - Level 5.0 Shields
 - Level 5.0 Evocations


You had 8 spell levels left.
You didn't know any spells.
Your spell library contained the following spells:

 Spells                   Type           Power      Damage    Failure   Level
 Summon Small Mammal      Summ           0%         N/A       86%         1
 Call Canine Familiar     Summ           0%         N/A       99%         3
 Frozen Ramparts          Ice            0%         1d2       99%         3
 Ignite Poison            Fire/Tmut/Pois 0%         N/A       99%         3
 Mephitic Cloud           Conj/Pois/Air  0%         N/A       99%         3
 Summon Guardian Golem    Hex/Summ       0%         N/A       99%         3
 Ice Form                 Ice/Tmut       0%         N/A       100%        4
 Summon Ice Beast         Ice/Summ       0%         N/A       100%        4
 Bolt of Magma            Conj/Fire/Erth 0%         4d4       100%        5


Dungeon Overview and Level Annotations

Branches:
Dungeon (7/15)             Temple (1/1) D:5

Altars:
Ashenzari
Cheibriados
Elyvilon
Fedhas
Gozag
Hepliaklqana
Kikubaaqudgha
Makhleb
Nemelex Xobeh
Okawaru
Qazlal
Ru
Vehumet
Xom
Zin
The Shining One
Lugonu

Shops:
D:3 !?!:

Annotations:
D:5 2 transporters


Innate Abilities, Weirdness & Mutations

You cannot be hasted, slowed, berserked, paralysed or teleported.
You can dig through walls and to a lower floor.
You have a pair of large antennae on your head. (SInv)
Your four strong arms can wield two-handed weapons with a shield.


Message History

Press ? for a list of commands and other information.
Okay, then.
Okay, then.
Okay, then.
Okay, then.
You barely miss the water moccasin. The water moccasin barely misses you.
You barely miss the water moccasin.
The water moccasin bites you but does no damage.
You miss the water moccasin.
The orc wizard shouts!
You block the water moccasin's attack. The water moccasin bites you.
* * * LOW HITPOINT WARNING * * *
You slash the water moccasin!
The water moccasin is heavily wounded.
You block the water moccasin's attack.
You hit the water moccasin.
The water moccasin is severely wounded.
The water moccasin closely misses you. You block the water moccasin's attack.
You barely miss the water moccasin.
The water moccasin is severely wounded.
The water moccasin bites you.
* * * LOW HITPOINT WARNING * * *
You are poisoned.
The water moccasin poisons you!
You hit the water moccasin.
The water moccasin is severely wounded.
You feel very sick. You block the water moccasin's attack.
Okay, then.
You extend your mandibles.
Unknown command.
Are you sure you want to shaft yourself?
Unknown command.
Are you sure you want to shaft yourself?
You feel sick.
The water moccasin bites you but does no damage.
You block the water moccasin's attack.
The orc priest invokes the aid of Beogh against you.
Beogh smites you!
You die...

#.. #......#....[####.......
#..###.#..........##.........
##.............###((..###....#
#......##......# ##....#....##
#.....##......###..........{o
##...........##........####{
####...........##o........#####
##........)....##oo.............
#...........[..@SoZ.............
##......[.#..#.##o....)........#
##........###.#####..#......##...
#..........##..# ###.####.......#
###.........##.###...## ........#
##.#................##.........
##....#..##.##...#........#...
#........#)..#...#.##....###.
#..#...#...#...#........##


You could see an orc warrior, a water moccasin, an orc priest, an orc wizard, 2
orcs and a wyvern zombie.

Vanquished Creatures
  A steam dragon (D:7)
  An orc warrior (D:6)
  An ice beast (D:5)
  6 ogres
  3 black bears
  2 necrophages
  A phantom (D:4)
  A kobold brigand (D:7)
  3 scorpions
  A bullfrog (D:6)
  A gnoll sergeant (D:5)
  A howler monkey (D:5)
  3 jellies
  A centaur zombie (D:7)
  2 bullfrog skeletons
  A gnoll shaman (D:5)
  4 orc priests
  2 centaur skeletons
  2 iguanas
  2 orc wizards
  A hound skeleton (D:4)
  2 howler monkey zombies (D:7)
  12 gnolls
  4 adders
  2 ufetubi
  2 worms
  2 dart slugs (D:4)
  16 orcs
  3 bats
  7 endoplasms
  2 giant cockroaches
  14 goblins
  5 hobgoblins
  4 jackals
  10 kobolds
  6 quokkas
  4 ball pythons
  2 frilled lizards (D:3)
  6 rats
143 creatures vanquished.

Vanquished Creatures (others)
  A fungus (D:4)
1 creature vanquished.

Grand Total: 144 creatures vanquished

Notes
Turn   | Place    | Note
-------+----------+-------------------------------------------
     0 | D:1      | Cheops the Formicid Fighter began the quest for the Orb.
     0 | D:1      | Reached XP level 1. HP: 18/18 MP: 1/1
    29 | D:1      | Found a faded altar of an unknown god.
   336 | D:1      | Reached XP level 2. HP: 21/24 MP: 2/2
   986 | D:2      | Reached skill level 5 in Shields
   986 | D:2      | Reached XP level 3. HP: 8/29 MP: 3/3
  1443 | D:2      | Reached skill level 3 in Long Blades
  1443 | D:2      | Reached XP level 4. HP: 21/35 MP: 4/4
  1725 | D:2      | You fall into a shaft and drop 1 floor!
  1725 | D:3      | Found Paaq's Magic Scroll Boutique.
  1743 | D:3      | Bought a scroll of magic mapping for 38 gold pieces
  1743 | D:3      | Bought a scroll of identify for 22 gold pieces
  1944 | D:3      | Found Ysteoboo's Distillery.
  2156 | D:3      | Found a blossoming altar of Fedhas.
  2219 | D:3      | Found a glowing golden altar of the Shining One.
  2364 | D:3      | Found Gekh's Distillery.
  2847 | D:3      | Found Coruas's Book Shoppe.
  3184 | D:4      | Found a burning altar of Makhleb.
  3195 | D:4      | Reached skill level 4 in Long Blades
  3195 | D:4      | Reached XP level 5. HP: 39/41 MP: 5/5
  3208 | D:4      | Noticed a necrophage
  3216 | D:4      | Killed a necrophage
  3217 | D:4      | Reached skill level 5 in Long Blades
  3217 | D:4      | Reached XP level 6. HP: 36/47 MP: 6/6
  3827 | D:4      | Found a white marble altar of Elyvilon.
  3866 | D:4      | Found a snail-covered altar of Cheibriados.
  4570 | D:4      | Noticed an ogre
  4580 | D:4      | Killed an ogre
  4581 | D:4      | Reached skill level 5 in Armour
  4581 | D:4      | Reached XP level 7. HP: 52/52 MP: 7/7
  4814 | D:5      | Entered Level 5 of the Dungeon
  4875 | D:5      | Found a staircase to the Ecumenical Temple.
  4898 | Temple   | Entered the Ecumenical Temple
  5179 | D:5      | Identified the +3 ring mail of Elael {rN+}
  5211 | D:5      | Reached skill level 6 in Long Blades
  5265 | D:5      | Noticed a fire bat
  5266 | D:5      | Found a transporter.
  5267 | D:5      | Noticed a fire bat
  5488 | D:5      | Found a transporter.
  5534 | D:5      | Reached skill level 7 in Long Blades
  5544 | D:5      | Reached skill level 1 in Evocations
  5544 | D:5      | Reached XP level 8. HP: 55/58 MP: 8/8
  6136 | D:5      | Found a transporter.
  6427 | D:5      | Found a transporter.
  6441 | D:5      | Found a staircase to the Ecumenical Temple.
  6578 | Temple   | Became a worshipper of Lugonu the Unformed
  6578 | Temple   | Reached * piety under Lugonu
  6889 | D:6      | Reached skill level 5 in Evocations
  7656 | D:6      | Reached skill level 8 in Long Blades
  7824 | D:6      | Reached XP level 9. HP: 49/64 MP: 9/9
  8173 | D:6      | Reached skill level 9 in Long Blades
  8307 | D:6      | Found a sparkling altar of Nemelex Xobeh.
  8312 | D:6      | Found an ancient bone altar of Kikubaaqudgha.
  8741 | D:7      | Reached ** piety under Lugonu
  9203 | D:7      | Reached skill level 10 in Long Blades
  9251 | D:7      | HP: 2/64 [something (5)]
  9990 | D:7      | Killed from afar by an orc priest

Illustrated notes

Levels and vault maps discovered:
D:1:      evilmike_arrival_crescent, layout_loops_ring,
          ebering_ecumenical_altar_sacrificial
D:2:      layout_rooms
D:3:      layout_basic, mainiacjoe_overflow_small_starburst,
          mainiacjoe_overflow_brackets, serial_shops, shop_fountains,
          shop_statue, shop, nicolae_shop_statue_plus
D:4:      layout_loops_corners, elyvilon_altar_1, kennysheep_slug_shrine,
          makhleb_blood_cavern_becter, minmay_statues_item, serial_park_tiny_1,
          minmay_tree_intersection
D:5:      gammafunk_cloud_chamber, layout_loops_ring,
          minmay_temple_entry_crystal_x, minmay_misc_feat_hallway,
          minmay_circle_x
D:6:      layout_loops_ring, minitemple, minmay_ogre_servants
D:7:      layout_cave_pools, ebering_ghost_gozag,
          minmay_fractal_squares_diagonal_5
Temple:   corrupted_temple

Skill      XL: |  1  2  3  4  5  6  7  8  9 |
---------------+----------------------------+-----
Shields        | 4 5 |  5.0
Long Blades    | 3 4 5 7 8 10 | 10.9
Armour         | 5 |  5.0
Evocations     | 1 5 |  5.0
Fighting       | |  3.2

Action                   |  1- 3 |  4- 6 |  7- 9 || total
-------------------------+-------+-------+-------++-------
Melee: Long sword        |    91 |   160 |   338 ||   589
 Abil: Dig               |       |     1 |     2 ||     3
       Shaft Self        |       |       |     1 ||     1
Evoke: Wand              |       |     1 |    11 ||    12
  Use: Scroll            |       |     4 |     2 ||     6
 Stab: Paralysed         |       |     4 |    17 ||    21
Armor: Scale mail        |    37 |    62 |     6 ||   105
       Ring mail         |       |       |   149 ||   149
Dodge: Dodged            |    35 |    40 |   126 ||   201
Block: Kite shield       |    53 |    83 |   170 ||   306
       Rpst.: Long sword |    14 |    12 |    35 ||    61
